 Dungeon Crawl Stone Soup version 0.25-b1-46-gb8a1ec05df (webtiles) character file.

Game seed: 1770815211794284900

145215 Peloso the Peltast (level 16, -43/149 HPs)
             Began as a Minotaur Fighter on June 9, 2020.
             Was the Champion of Okawaru.
             Killed from afar by an antique lich (84 damage)
             ... with a bolt of fire
             ... in a wizard's laboratory.
             The game lasted 01:11:15 (26291 turns).

Peloso the Peltast (Minotaur Fighter)              Turns: 26291, Time: 01:11:15

Health: -43/149    AC: 42    Str: 26    XL:     16   Next: 86%
Magic:  16/16      EV: 10    Int:  5    God:    Okawaru [******]
Gold:   2531       SH: 35    Dex: 14    Spells: 15/15 levels left

rFire    x x .     SeeInvis +   a - +7 Singing Sword {vorpal, sonic wave}
rCold    + . .     Gourm    .   c - +7 tower shield of Siytufej {Harm rF- MR+++ rCorr}
rNeg     . . .     Faith    .   G - +27 Lear's hauberk
rPois    .         Spirit   .   (helmet currently unavailable)
rElec    .         Reflect  +   Q - +1 cloak {MR+}
rCorr    +         Harm     +   (gloves currently unavailable)
MR       +++++                  (boots currently unavailable)
Stlth    ..........             E - amulet "Gesojoy" {Reflect +Blink MR++ SH+5 SInv}
HPRegen  0.34/turn              u - ring "Murazy" {Dex+2 Slay+4}
MPRegen  0.15/turn              w - ring of ice

@: hasted, drained, very quick
A: retaliatory headbutt, horns 2
a: Heroism, Finesse, Renounce Religion, Evoke Blink


You were in a wizard's laboratory.
You worshipped Okawaru.
Okawaru was exalted by your worship.
You were hungry.

You visited 6 branches of the dungeon, and saw 26 of its levels.
You also visited: Gauntlet, Ice Cave and Wizlab.

You collected 2559 gold pieces.
You spent 28 gold pieces at shops.

Inventory:

Hand Weapons
 a - the +7 Singing Sword (weapon) {vorpal, sonic wave}
   (You found it on level 4 of the Dungeon)

   It inflicts extra damage upon your enemies.
 b - a +3 scimitar of flaming
Armour
 c - the +7 tower shield of Siytufej (worn) {Harm rF- MR+++ rCorr}
   (Okawaru gifted it to you on level 1 of the Lair of Beasts)

   It makes you vulnerable to fire.
   It affects your resistance to hostile enchantments.
   It provides partial protection from all sources of acid and corrosion.
   It increases damage dealt and taken.
 l - the +2 pair of boots "Zyrek" {rPois rC+ Int-5 Dex+4, unknown}
   (Okawaru gifted it to you on level 1 of the Elven Halls)

   It affects your intelligence (-5).
   It affects your dexterity (+4).
   It protects you from cold.
   It protects you from poison.
 G - the +27 Lear's hauberk (worn)
   (You found it on level 6 of the Dungeon)
 Q - a +1 cloak of magic resistance (worn)
Jewellery
 i - an uncursed amulet of faith
 u - the ring "Murazy" (left hand) {Dex+2 Slay+4}
   (You found it in a Gauntlet)

   [ring of slaying]

   It affects your dexterity (+2).
   It affects your accuracy and damage with ranged weapons and melee attacks
   (+4).
 w - a ring of ice (right hand)
 E - the amulet "Gesojoy" (around neck) {Reflect +Blink MR++ SH+5 SInv}
   (You took it off a wight on level 8 of the Dungeon)

   [amulet of reflection]

   It shields you and reflects attacks.
   It affects your resistance to hostile enchantments.
   It lets you see invisible.
   It lets you blink.
   It affects your SH (+5).
 U - an uncursed ring of flight
Wands
 k - a wand of disintegration (9)
Scrolls
 e - 15 scrolls of remove curse
 g - 2 scrolls of amnesia
 h - 8 scrolls of identify
 s - 15 scrolls of teleportation
 B - 4 scrolls of blinking
 I - a scroll of noise
Potions
 d - 9 potions of might
 j - a potion of berserk rage {unknown}
 q - 5 potions of flight
 x - 3 potions of haste
 z - 4 potions of curing
 A - a potion of heal wounds
Comestibles
 f - 37 rations


   Skills:
 + Level 15.4(14.5) Fighting
 + Level 19.6(18.7) Long Blades
 + Level 14.2(13.4) Armour
 + Level 5.5(4.8) Dodging
 + Level 2.7(2.1) Stealth
 + Level 19.6(18.7) Shields
 + Level 1.3(0.7) Invocations


You had 15 spell levels left.
You didn't know any spells.
Your spell library contained the following spells:

 Spells                   Type           Power        Failure   Level  Hunger
 Apportation              Tloc           #.....       99%         1    ##.....
 Beastly Appendage        Tmut           #.....       99%         1    ##.....
 Corona                   Hex            #......      99%         1    ##.....
 Magic Dart               Conj           #...         99%         1    ##.....
 Summon Butterflies       Summ           #.......     99%         1    ##.....
 Summon Small Mammal      Summ           #...         99%         1    ##.....
 Blink                    Tloc           N/A          100%        2    ###....
 Call Imp                 Summ           #.......     100%        2    ###....
 Poisonous Vapours        Pois/Air       #.....       100%        2    ###....
 Searing Ray              Conj           #.....       100%        2    ###....
 Slow                     Hex            #.......     100%        2    ###....
 Sticks to Snakes         Tmut           #.......     100%        2    ###....
 Call Canine Familiar     Summ           #.......     100%        3    ####...
 Confusing Touch          Hex            #.......     100%        3    ####...
 Conjure Flame            Conj/Fire      #.......     100%        3    ####...
 Dazzling Flash           Conj/Hex       #.....       100%        3    ####...
 Gell's Gravitas          Tloc           #.........   100%        3    ####...
 Ignite Poison            Fire/Tmut/Pois #.......     100%        3    ####...
 Inner Flame              Hex/Fire       #.......     100%        3    ####...
 Lesser Beckoning         Tloc           #.........   100%        3    ####...
 Mephitic Cloud           Conj/Pois/Air  #.......     100%        3    ####...
 Portal Projectile        Hex/Tloc       #.....       100%        3    ####...
 Spider Form              Tmut/Pois      #.........   100%        3    ####...
 Static Discharge         Conj/Air       #.......     100%        3    ####...
 Summon Guardian Golem    Hex/Summ       #.......     100%        3    ####...
 Tukima's Dance           Hex            #.......     100%        3    ####...
 Cause Fear               Hex            #.........   100%        4    #####..
 Fulminant Prism          Conj/Hex       #.........   100%        4    #####..
 Ice Form                 Ice/Tmut       #.......     100%        4    #####..
 Iskenderun's Mystic Bla  Conj/Tloc      #.......     100%        4    #####..
 Leda's Liquefaction      Hex/Erth       #.........   100%        4    #####..
 Olgreb's Toxic Radiance  Pois           #.......     100%        4    #####..
 Petrify                  Tmut/Erth      #.......     100%        4    #####..
 Summon Ice Beast         Ice/Summ       #.......     100%        4    #####..
 Summon Lightning Spire   Summ/Air       #.......     100%        4    #####..
 Alistair's Intoxication  Tmut/Pois      #.......     100%        5    ######.
 Blade Hands              Tmut           #.........   100%        5    ######.
 Bolt of Magma            Conj/Fire/Erth #.........   100%        5    ######.
 Lightning Bolt           Conj/Air       #.........   100%        5    ######.
 Metabolic Englaciation   Hex/Ice        #.........   100%        5    ######.
 Silence                  Hex/Air        #.........   100%        5    ######.
 Yara's Violent Unravell  Hex/Tmut       #.........   100%        5    ######.
 Eringya's Noxious Bog    Tmut/Pois      #.........   100%        6    #######
 Invisibility             Hex            #.......     100%        6    #######
 Iron Shot                Conj/Erth      #.........   100%        6    #######
 Statue Form              Tmut/Erth      #........    100%        6    #######
 Discord                  Hex            #.........   100%        8    #######
 Ignition                 Fire           #.........   100%        8    #######
 Shatter                  Erth           #.........   100%        9    #######
 Tornado                  Air            #.........   100%        9    #######


Dungeon Overview and Level Annotations

Branches:
Dungeon (15/15)            Temple (1/1) D:6            Lair (6/6) D:10
  Swamp (0/4) Lair:3       Spider (1/4) Lair:3        Slime (0/5) Lair:5
    Orc (2/2) D:12            Elf (1/3) Orc:2        Vaults (0/5) D:13
 Depths (0/5) D:15          IceCv (visited)          WizLab (1/1)
Gauntlet (visited)

Altars:
Ashenzari
Cheibriados
Dithmenos
Elyvilon
Gozag
Hepliaklqana
Kikubaaqudgha
Makhleb
Nemelex Xobeh
Okawaru
Qazlal
Ru
Sif Muna
Trog
Vehumet
Xom
Yredelemnul
Zin
The Shining One
Beogh
Jiyva

Shops:
D:6 =   D:9 [=   Orc:2 *[*([   Elf:1 (

Portals:
Hell: Lair:6

Annotations:
Lair:5 1 runed translucent door
Spider:1 serve dig


Innate Abilities, Weirdness & Mutations

You reflexively headbutt those who attack you in melee.
You have a pair of horns on your head.


Message History

You slash the antique lich!
The Screaming Sword thunders, "I WAS FORGED TO MURDER THE WORLD!"
You send a blast of sound all around you.
The antique lich is blasted.
The antique lich is moderately damaged.
Your headbutt misses the antique lich.
The antique lich is moderately damaged.
You slash the antique lich!
The antique lich is heavily damaged.
You block the antique lich's attack.
You barely miss the antique lich.
You headbutt the antique lich, but do no damage.
The antique lich is heavily damaged.
Unknown command.
You slice the antique lich!!
The antique lich is almost destroyed.
The antique lich points at you and mumbles some strange words.
The bolt of fire hits you!!! The fire burns you terribly!
Ouch! That really hurt!
You die...

#.......#..)#.).#.......
#......##...#.))##......
#....###..#####..###....
#....#....#...#....#....
♣....#..###...###..#....
#♣...#..'.......'..#....
#♣...####...8...####....
#....#$$#.......# #....
#♣...#$@###...### #....
♣.8)#.!L.#...# #....
♣♣...###?.##)## ###..).
#......##?:.#.!?##......
♣.......#.):#!!.#......♣
♣......8#########......♣
#.♣......).)............
##♣♣.........)........♣♣
♣................♣.#


You could see an antique lich.

Vanquished Creatures
  Rupert (D:12)
  Gastronok (Lair:1)
  Frances (D:14)
  3 ancient champions (WizLab)
  A balrug (Gauntlet)
  The ghost of jeanjacques the Warrior, an adept GrMo of Hepliaklqana (Spider:1)
  An orc warlord (Orc:2)
  The ghost of Kuralita the Martial Artist, a journeyman OpTm of Makhleb (D:15)
  A dire elephant (Lair:6)
  The ghost of Qoypruj the Cruncher, a journeyman MiGl of the Shining One (Lair:5)
  A minotaur (Gauntlet)
  The ghost of Vext the Imperceptible, a journeyman SpEn of Gozag (D:13)
  The ghost of Kaofid the Geomancer, a journeyman GrEE of Vehumet (Lair:5)
  The ghost of Darubir the Archer, a journeyman CeAM of Okawaru (Lair:5)
  An ettin (Orc:2)
  2 fire dragons (D:15)
  A yaktaur captain (D:13)
  Fannar (Lair:1)
  7 hydras
  Erolcha (D:10)
  3 catoblepae
  Erica (Orc:1)
  4 centaur warriors
  3 two-headed ogres
  A death knight (D:10)
  A queen ant (Lair:3)
  3 dancing weapons (Elf:1)
  5 orc high priests
  2 tengu warriors
  5 death yaks
  Urug (Lair:1)
  Nergalle (Orc:1)
  Sonja (D:11)
  5 deep elf knights (Elf:1)
  A sun demon (Lair:6)
  14 skeletal warriors
  3 unseen horrors
  A wizard (Lair:6)
  7 deep elf archers (Elf:1)
  A phantasmal warrior (D:13)
  An oklob plant (Lair:5)
  9 orc sorcerers
  3 cyclopes
  21 deep elf magi
  2 orc knights
  4 slime creatures (D:15)
  2 manticores (D:14)
  3 ugly things
  3 orb spiders (Spider:1)
  7 elephants
  Maurice (D:13)
  2 rust devils (D:6)
  4 black mambas
  3 ice statues (IceCv)
  3 gargoyles
  4 orange demons (Lair:6)
  A minotaur zombie (Gauntlet)
  5 spiny frogs
  4 rime drakes
  A tengu conjurer (D:13)
  6 komodo dragons
  A demonic crawler (Spider:1)
  3 freezing wraiths
  An ice devil (Lair:6)
  2 yaktaurs (D:13)
  A hellwing (Lair:6)
  A red devil (Lair:6)
  7 jumping spiders (Spider:1)
  6 trolls
  4 hornets
  A raiju (Gauntlet)
  15 blink frogs
  A meliai zombie (D:10)
  A polar bear (Lair:6)
  4 dream sheep (Lair:4)
  13 hippogriffs
  A shadow (D:12)
  8 redbacks (Spider:1)
  5 wraiths
  3 wyverns
  A spriggan (Lair:4)
  6 vampires
  A water elemental (Elf:1)
  2 tarantellas
  A hog (shapeshifter) (Elf:1)
  36 yaks
  3 basilisks
  5 fire elementals (Elf:1)
  3 hungry ghosts
  13 vampire mosquitoes
  2 steam dragons (Gauntlet)
  6 wargs
  An acid dragon (D:13)
  20 soldier ants (Lair:3)
  4 hell hounds
  25 water moccasins
  A floating eye (shapeshifter) (D:13)
  12 porcupines
  A hornet zombie (D:10)
  9 ice beasts
  7 sky beasts
  A black bear (D:9)
  33 orc warriors
  2 necrophages
  A swamp drake (D:13)
  2 phantoms (D:10)
  6 wolves (Lair:1)
  16 ogres
  11 centaurs
  3 big kobolds
  10 crocodiles
  13 bullfrogs
  A gnoll sergeant (D:9)
  A wyvern zombie (D:12)
  An earth elemental (Elf:1)
  A wyvern skeleton (D:13)
  10 troll zombies (WizLab)
  8 scorpions
  14 killer bees
  22 wights
  6 jellies
  5 howler monkeys
  7 electric eels
  11 crimson imps
  2 bullfrog zombies
  7 centaur zombies
  2 quasits
  10 hounds
  Crazy Yiuf (D:6)
  25 orc priests
  4 bullfrog skeletons
  Jessica (D:3)
  9 iguanas
  30 worker ants
  26 orc wizards
  5 hell rats
  A killer bee zombie (D:8)
  6 ogre zombies (WizLab)
  A hound zombie (D:4)
  2 hound skeletons
  2 worker ant zombies
  5 gnolls (D:9)
  A howler monkey skeleton (D:5)
  32 adders
  7 shadow imps
  2 oozes
  2 adder zombies
  3 adder skeletons
  A worm (D:2)
  3 dart slugs (D:1)
  8 leopard geckos
  80 orcs
  7 giant cockroaches
  9 goblins
  7 hobgoblins
  5 jackals
  8 quokkas
  7 bats
  10 frilled lizards
  17 kobolds
  A leopard gecko skeleton (D:4)
  2 quokka zombies
  7 rats
  A spectral orc (D:2)
  3 bushes
  19 fungi
  20 plants
1004 creatures vanquished.

Vanquished Creatures (others)
  A bullfrog (D:11)
  An orc (Orc:2)
  7 bushes (D:15)
  7 fungi
  19 plants
35 creatures vanquished.

Grand Total: 1039 creatures vanquished

Notes
Turn   | Place    | Note
-------+----------+-------------------------------------------
     0 | D:1      | Peloso the Minotaur Fighter began the quest for the Orb.
     0 | D:1      | Reached XP level 1. HP: 19/19 MP: 0/0
   170 | D:1      | Reached XP level 2. HP: 27/27 MP: 1/1
   471 | D:1      | Reached XP level 3. HP: 18/33 MP: 2/2
  1606 | D:2      | Reached XP level 4. HP: 32/40 MP: 3/3
  1706 | D:2      | Found a basalt altar of Yredelemnul.
  2058 | D:3      | Found a shimmering altar of Xom.
  2320 | D:3      | Reached skill level 5 in Armour
  2425 | D:3      | Noticed Jessica
  2437 | D:3      | Killed Jessica
  2437 | D:3      | Reached XP level 5. HP: 46/46 MP: 4/4
  2599 | D:3      | Reached skill level 1 in Dodging
  2934 | D:4      | Noticed an ogre
  2939 | D:4      | Killed an ogre
  2939 | D:4      | Reached skill level 5 in Shields
  2956 | D:4      | Reached XP level 6. HP: 43/52 MP: 5/5
  3063 | D:4      | Found a stormy altar of Qazlal.
  3090 | D:4      | Reached skill level 5 in Long Blades
  3561 | D:4      | Reached XP level 7. HP: 56/60 MP: 6/6
  3678 | D:4      | Found the +7 Singing Sword {vorpal, sonic wave}
  3832 | D:5      | Entered Level 5 of the Dungeon
  3867 | D:5      | Found a sparkling altar of Nemelex Xobeh.
  4016 | D:5      | Found a sparkling altar of Nemelex Xobeh.
  4236 | D:5      | Noticed a troll
  4239 | D:5      | Reached skill level 5 in Fighting
  4242 | D:5      | Killed a troll
  4242 | D:5      | Reached XP level 8. HP: 61/68 MP: 7/7
  4854 | D:6      | Found a staircase to the Ecumenical Temple.
  4869 | Temple   | Entered the Ecumenical Temple
  4967 | Temple   | Became a worshipper of Warmaster Okawaru
  5046 | D:6      | Reached XP level 9. HP: 74/75 MP: 8/8
  5109 | D:6      | Found a runed translucent door.
  5110 | D:6      | Noticed Crazy Yiuf
  5141 | D:6      | Reached skill level 10 in Long Blades
  5423 | D:6      | Found Taotones's Jewellery Boutique.
  5426 | D:6      | Bought a cursed amulet of inaccuracy for 28 gold pieces
  5632 | D:6      | Killed Crazy Yiuf
  6476 | D:8      | Reached * piety under Okawaru
  6476 | D:8      | Reached skill level 1 in Stealth
  6508 | D:8      | Noticed a centaur warrior
  6518 | D:8      | Killed a centaur warrior
  6518 | D:8      | Reached ** piety under Okawaru
  6518 | D:8      | Reached XP level 10. HP: 67/86 MP: 9/9
  6554 | D:8      | Reached *** piety under Okawaru
  6590 | D:8      | Identified the amulet "Gesojoy" {Reflect +Blink MR++ SH+5
                  | SInv}
  7041 | D:8      | Found a glowing silver altar of Zin.
  7068 | D:8      | Found an ancient bone altar of Kikubaaqudgha.
  7068 | D:8      | Found a radiant altar of Vehumet.
  7314 | D:8      | Found a shadowy altar of Dithmenos.
  7315 | D:8      | Found a hazy altar of Hepliaklqana.
  7697 | D:6      | Noticed a rust devil
  7697 | D:6      | Noticed a rust devil
  7704 | D:6      | Killed a rust devil
  7704 | D:6      | Killed a rust devil
  7719 | D:6      | Found the +27 Lear's hauberk
  7754 | D:6      | Got a transparent war axe
  7773 | D:6      | Got a bloodstained halberd
  7893 | D:9      | Identified the +5 war axe "Pijysukh" {venom, *Rage Str+3
                  | SInv Stlth+} (You found it on level 6 of the Dungeon)
  7896 | D:9      | Identified the +7 halberd "Ziasaede" {pain, *Rage rC+ MR+++
                  | Str+5} (You found it on level 6 of the Dungeon)
  7948 | D:9      | Found Jocilalel's Jewellery Boutique.
  8044 | D:9      | Reached **** piety under Okawaru
  8229 | D:9      | Found Emumuvoq's Armour Shop.
  8671 | D:10     | Entered Level 10 of the Dungeon
  8680 | D:10     | Noticed Erolcha
  8683 | D:10     | Killed Erolcha
  8683 | D:10     | Reached ***** piety under Okawaru
  8683 | D:10     | Reached XP level 11. HP: 94/94 MP: 10/10
  8692 | D:10     | Noticed a death knight
  8712 | D:10     | Killed a death knight
  8714 | D:10     | Noticed a skeletal warrior
  8723 | D:10     | Killed a skeletal warrior
  9098 | D:10     | Reached skill level 10 in Shields
  9124 | D:10     | Received a gift from Okawaru
  9130 | D:10     | Found a staircase to the Lair.
  9970 | D:11     | Noticed Sonja
  9990 | D:11     | Killed Sonja
 10038 | D:11     | Noticed a brown ugly thing
 10044 | D:11     | Killed a brown ugly thing
 10368 | D:12     | Reached skill level 15 in Long Blades
 10436 | D:12     | Reached XP level 12. HP: 106/106 MP: 11/11
 10442 | D:12     | Reached skill level 10 in Armour
 10486 | D:12     | Found a runed translucent door.
 10864 | D:12     | Found a staircase to the Orcish Mines.
 10872 | D:12     | Received a gift from Okawaru
 10875 | D:12     | Reached ****** piety under Okawaru
 10876 | D:12     | Found a roughly hewn altar of Beogh.
 11237 | D:12     | Reached skill level 10 in Fighting
 11250 | D:12     | Found an opulent altar of Gozag.
 11252 | D:12     | Noticed Rupert
 11269 | D:12     | Killed Rupert
 11715 | D:12     | Noticed an orc high priest
 12016 | D:12     | Killed an orc high priest
 12028 | D:12     | Found a roughly hewn altar of Beogh.
 12424 | Lair:1   | Entered Level 1 of the Lair of Beasts
 12565 | Lair:1   | Noticed a four-headed hydra
 12573 | Lair:1   | Killed a one-headed hydra
 12573 | Lair:1   | Received a gift from Okawaru
 12584 | Lair:1   | Got a brightly glowing tower shield {god gift}
 12590 | Lair:1   | Identified the +7 tower shield of Siytufej {Harm rF- MR+++
                  | rCorr} (Okawaru gifted it to you on level 1 of the Lair of
                  | Beasts)
 12619 | Lair:1   | Noticed Gastronok
 12628 | Lair:1   | Killed Gastronok
 12703 | Lair:1   | Reached XP level 13. HP: 115/116 MP: 12/12
 12833 | Lair:1   | Noticed Urug
 12836 | Lair:1   | Killed Urug
 12916 | Lair:1   | Noticed Fannar
 12926 | Lair:1   | Killed Fannar
 14521 | Lair:3   | Found a staircase to the Swamp.
 14635 | Lair:3   | Received a gift from Okawaru
 14728 | Lair:3   | Found a hole to the Spider Nest.
 15981 | Lair:5   | You fall into a shaft and drop 1 floor!
 15981 | Lair:6   | Entered Level 6 of the Lair of Beasts
 15986 | Lair:6   | Reached XP level 14. HP: 126/126 MP: 13/13
 16105 | Lair:6   | Reached skill level 15 in Shields
 16405 | Lair:6   | Received a gift from Okawaru
 16804 | Lair:6   | Found a burning altar of Makhleb.
 16820 | Lair:6   | Found a gateway to Hell.
 17477 | Lair:5   | Found a runed translucent door.
 17477 | Lair:5   | Found a viscous altar of Jiyva.
 17477 | Lair:5   | Found a staircase to the Slime Pits.
 17520 | Lair:5   | Found a runed translucent gate.
 17520 | Lair:5   | Found a runed translucent gate.
 17521 | Lair:5   | Found a runed translucent gate.
 17550 | Lair:5   | Noticed Qoypruj's ghost (journeyman MiGl)
 17550 | Lair:5   | Noticed Darubir's ghost (journeyman CeAM)
 17550 | Lair:5   | Noticed Kaofid's ghost (journeyman GrEE)
 17560 | Lair:5   | Killed Qoypruj's ghost
 17561 | Lair:5   | Killed Kaofid's ghost
 17567 | Lair:5   | Killed Darubir's ghost
 17587 | Lair:5   | Identified Ereclaza's Collected Works on Intoxication
 18287 | D:11     | Identified a +2 pair of boots of running (Okawaru gifted it
                  | to you on level 6 of the Lair of Beasts)
 18365 | Orc:1    | Entered Level 1 of the Orcish Mines
 18369 | Orc:1    | Noticed Nergalle
 18375 | Orc:1    | Killed Nergalle
 18405 | Orc:1    | Noticed Erica
 18412 | Orc:1    | Killed Erica
 18583 | Orc:2    | Entered Level 2 of the Orcish Mines
 18592 | Orc:2    | Found a gate leading to a gauntlet.
 18606 | Orc:2    | Noticed an orc warlord
 18618 | Orc:2    | Killed an orc warlord
 18618 | Orc:2    | Received a gift from Okawaru
 18624 | Orc:2    | Found Plog's General Store.
 18645 | Gauntlet | Entered a Gauntlet
 18645 | Gauntlet | Found a transporter.
 18650 | Gauntlet | Found a transporter.
 18651 | Gauntlet | Found a transporter.
 18668 | Gauntlet | Found a transporter.
 18671 | Gauntlet | Found a transporter.
 18679 | Gauntlet | Found a transporter.
 18696 | Gauntlet | Found a transporter.
 18701 | Gauntlet | Found a transporter.
 18722 | Gauntlet | Found a transporter.
 18727 | Gauntlet | Found a transporter.
 18729 | Gauntlet | Found a transporter.
 18751 | Gauntlet | Found a transporter.
 18780 | Gauntlet | Noticed a balrug
 18781 | Gauntlet | Found a transporter.
 18785 | Gauntlet | Found a transporter.
 19061 | Gauntlet | Killed a balrug
 19067 | Gauntlet | Got a flickering pewter ring
 19069 | Gauntlet | Identified the ring "Noiju" {Fire MR+} (You found it in a
                  | Gauntlet)
 19234 | Gauntlet | Reached XP level 15. HP: 129/136 MP: 12/14
 19250 | Gauntlet | Reached skill level 1 in Invocations
 19265 | Gauntlet | Got a sparkling bone ring
 19268 | Gauntlet | Identified the ring "Murazy" {Dex+2 Slay+4} (You found it
                  | in a Gauntlet)
 19314 | Orc:2    | Got an ancient demon blade {god gift}
 19315 | Orc:2    | Identified the +1 demon blade of Baofatt {elec, Dex+2}
                  | (Okawaru gifted it to you on level 2 of the Orcish Mines)
 19860 | Orc:2    | Found Onasm's General Store.
 19860 | Orc:2    | Found Zonwinica's Antique Armour Shoppe.
 19863 | Orc:2    | Found Agratoi's Weapon Shoppe.
 19866 | Orc:2    | Found Qeir's Armour Emporium.
 19969 | Orc:2    | Found a staircase to the Elven Halls.
 20343 | Orc:1    | Found a bloodstained altar of Trog.
 20745 | D:13     | Received a gift from Okawaru
 20810 | D:13     | Noticed Maurice
 20819 | D:13     | Killed Maurice
 21217 | D:13     | Found a runed translucent gate.
 21217 | D:13     | Found a runed translucent gate.
 21217 | D:13     | Found a runed translucent gate.
 21219 | D:13     | Noticed Vext's ghost (journeyman SpEn)
 21258 | D:13     | Killed Vext's ghost
 21496 | D:13     | Found a gate to the Vaults.
 21551 | D:14     | Found a frozen archway.
 21561 | IceCv    | Entered an ice cave
 21898 | IceCv    | Got bloodstained ice dragon scales
 21920 | IceCv    | Identified the +5 ice dragon scales "Kekaeqi" {rF- rC++
                  | Dex+4} (You found it in an ice cave)
 21998 | D:14     | Found a sacrificial altar of Ru.
 22121 | D:14     | Reached skill level 5 in Dodging
 22507 | D:14     | Noticed Frances
 22510 | D:14     | Killed Frances
 22603 | D:14     | Received a gift from Okawaru
 22905 | D:15     | Entered Level 15 of the Dungeon
 23049 | D:15     | Found a runed translucent gate.
 23049 | D:15     | Found a runed translucent gate.
 23049 | D:15     | Found a runed translucent gate.
 23051 | D:15     | Noticed Kuralita's ghost (journeyman OpTm)
 23060 | D:15     | Killed Kuralita's ghost
 23060 | D:15     | Reached XP level 16. HP: 147/147 MP: 16/16
 23177 | D:15     | Found an opulent altar of Gozag.
 23270 | D:15     | Found a staircase to the Depths.
 23837 | D:15     | Got a warped rapier
 23944 | D:15     | Identified the +8 rapier of Axucwukhu {venom, rC+ MR+
                  | Dex+3} (You found it on level 15 of the Dungeon)
 24278 | Spider:1 | Entered Level 1 of the Spider Nest
 24542 | Spider:1 | Received a gift from Okawaru
 24581 | Spider:1 | Found a runed translucent gate.
 24582 | Spider:1 | Found a runed translucent gate.
 24583 | Spider:1 | Found a runed translucent gate.
 24584 | Spider:1 | Noticed jeanjacques's ghost (adept GrMo)
 24594 | Spider:1 | Killed jeanjacques's ghost
 25796 | Elf:1    | Entered Level 1 of the Elven Halls
 25903 | Elf:1    | Received a gift from Okawaru
 25903 | Elf:1    | Reached skill level 15 in Fighting
 25918 | Elf:1    | Got a pair of dazzling boots {god gift}
 25990 | Elf:1    | Found Asoloj's Weapon Boutique.
 26034 | Elf:1    | Found a magical portal.
 26043 | WizLab   | Entered Zonguldrok's Shrine
 26195 | WizLab   | Noticed an ancient champion
 26200 | WizLab   | Killed an ancient champion
 26237 | WizLab   | Noticed an ancient champion
 26240 | WizLab   | Noticed an ancient champion
 26249 | WizLab   | HP: 7/149 [skeletal warrior/+0 halberd (24)]
 26253 | WizLab   | Killed an ancient champion
 26274 | WizLab   | Noticed an antique lich
 26276 | WizLab   | Found the +9 sword of Zonguldrok {reap}
 26279 | WizLab   | Killed an ancient champion
 26291 | WizLab   | Killed from afar by an antique lich

Illustrated notes

Levels and vault maps discovered:
D:1:      dpeg_arrival_leaves_temple_mockup, layout_basic
D:2:      layout_basic, yredelemnul_forgotten_temple_becter, st_stairs_4
D:3:      layout_loops_cross, brannock_xom_greatest_gift, first_ration,
          serial_park_tiny_pond, uniq_jessica
D:4:      old_forge, layout_layer_cave, kennysheep_little_box
D:5:      minmay_bubble_buster, layout_basic, nemelex_xobeh_ov_fountains_minmay,
          basic_altar
D:6:      cheibrodos_iron_armory, layout_loops_ring,
          minmay_temple_entry_large_hall, serial_shops,
          nicolae_shop_behind_doors, solitary_fountain, uniq_crazy_yiuf_cottage
D:7:      layout_loops_cross, serial_glass, glass_columns_c, glass_columns_a,
          chequers_avenue
D:8:      minmay_imperfect_grid, layout_loops_ring,
          riverfiend_overflow_shadow_ancestor, zin_academy,
          gammafunk_temple_overflow_statue, minmay_misc_feat_ornament
D:9:      layout_roguey, serial_shops, shop, shop, grunt_ogre_cave, fountainhead
D:10:     layout_irregular_city, minmay_lair_entry_grove, uniq_erolcha
D:11:     layout_gridville, kennysheep_generic_room_2, uniq_sonja
D:12:     layout_basic, minmay_orc_entry_temple_small, basic_altar,
          serial_rivers, chequers_serial_rivers_small_3,
          chequers_serial_rivers_micro_d, chequers_serial_rivers_micro_d,
          chequers_serial_rivers_micro_e, chequers_serial_rivers_large_a,
          lightli_church_of_beogh, uniq_rupert
D:13:     lemuel_reptile_caves, layout_rooms, david_vaults_2,
          gammafunk_ghost_spectres, uniq_maurice
D:14:     layout_irregular_city, roderic_lattice_a, basic_altar,
          portal_ice_cave_entry_pillars_2, uniq_frances
D:15:     grunt_enter_depths_hoard, layout_loops_ring,
          ebering_ghost_rock_garden, serial_park_square2
Temple:   nicolae_temple_figure_eight
Lair:1:   layout_hall_layers, minmay_shattered_shrine, uniq_gastronok,
          uniq_fannar, uniq_urug
Lair:2:   layout_cave_pods, minivault_26, serial_bayou_shore_a
Lair:3:   layout_cave_pods, swamp_mist, spider_nest_entry_rubble, minivault_29
Lair:4:   layout_cave_shapes, grunt_forest_large_clearing_hut
Lair:5:   layout_gridlike, slime_altar_2, gammafunk_ghost_cemetery, st_stairs_7
Lair:6:   evil_forest, layout_gridlike, grunt_megastairs_1
Spider:1: layout_chambers, ebering_ghost_rock_garden, spiders_nest_hornet_nest
Orc:1:    layout_diamond_mine, trog_butcher_becter, uniq_nergalle, uniq_erica
Orc:2:    st_orc_mages, layout_caves, serial_shops, shop, gauntlet_entry_generic
Elf:1:    eino_elf_arrival_shootout, layout_geoelf_octagon, mu_enter_wizlab_3,
          serial_shops, shop, minivault_28, minmay_crystal_room
WizLab:   wizlab_zonguldrok

Skill      XL: |  1  2  3  4  5  6  7  8  9 10 11 12 13 14 15 16 |
---------------+-------------------------------------------------+-----
Armour         | 4 5 6 7 8 9 11 12 13 14 | 14.2
Shields        | 4 5 6 7 8 9 11 12 14 16 18 19 | 19.6
Long Blades    | 3 4 5 7 9 11 13 15 16 17 18 19 | 19.6
Fighting       | 4 5 7 8 9 11 12 13 14 15 | 15.4
Dodging        | 1 2 3 4 5 |  5.5
Stealth        | 1 2 |  2.7
Invocations    | 1 |  1.3

Action                   |  1- 3 |  4- 6 |  7- 9 | 10-12 | 13-15 | 16-18 || total
-------------------------+-------+-------+-------+-------+-------+-------++-------
Melee: Long sword        |    99 |   199 |    28 |       |       |       ||   326
       Headbutt          |    15 |    26 |    21 |    51 |   124 |    51 ||   288
       Double sword      |       |       |   159 |   345 |   708 |   212 ||  1424
       Scimitar          |       |       |       |    15 |    29 |       ||    44
Invok: Heroism           |       |       |       |     1 |     3 |       ||     4
       Finesse           |       |       |       |       |     1 |       ||     1
  Use: Potion            |       |     6 |       |     2 |       |     4 ||    12
       Scroll            |       |       |     4 |    13 |     7 |     3 ||    27
  Eat: Chunk             |     2 |     6 |    10 |    17 |    30 |     6 ||    71
       Ration            |       |       |       |     1 |     1 |     1 ||     3
Armor: Scale mail        |    10 |       |       |       |       |       ||    10
       Chain mail        |    11 |       |    28 |   116 |   166 |    38 ||   359
       Plate armour      |    42 |   196 |    31 |       |       |       ||   269
Dodge: Dodged            |    26 |    37 |    24 |    59 |    67 |    20 ||   233
       Repelled          |       |       |       |    11 |       |       ||    11
Block: Kite shield       |    49 |   148 |    83 |   220 |       |       ||   500
       Reflection        |       |       |       |    23 |    41 |    20 ||    84
       Tower shield      |       |       |       |    11 |   826 |   276 ||  1113
       Rpst.: Long sword |     5 |    10 |     3 |       |       |       ||    18
       Double sword      |       |       |     6 |    15 |    12 |     6 ||    39
